AoeStats
← TM Caesar

Black Forest

506913736Analyzed
2v2 RM · 17d ago on Sep 15, 2026· 38m 15s· 4 players
Game mode
Random Map
Map size
Medium (4 player)
Population
200
Speed
Normal
Resources
Standard
Victory
Conquest
Starting age
Dark Age
Ending age
Imperial Age
RankedLock teamsTeams togetherTeam positionsShared explorationLock speedFull tech treeHidden civsTurbo modeCheats
Victory
Defeat
🇺🇸 Hindustanis · United States
1590
+19
🇨🇱 Franks · Chile
1541
+20
🇮🇹 Saracens · Italy
1680
-21
🇦🇷 Khitans · Argentina
1610
-18
TM Caesar
1:32 Loom
11:42 Feudal Age
15:15 Castle Age
13:10 Domestication
13:35 Double-Bit Axe
16:22 Bow Saw
19:50 Wheelbarrow
21:27 Town Watch
24:04 Gold Mining
24:16 Pastoralism
25:13 Hand Cart
25:34 Stone Mining
29:24 Imperial Age
27:04 Fletching
28:07 Stone Shaft Mining
28:11 Bodkin Arrow
28:43 Ballistics
28:41 Padded Archer Armor
28:43 Husbandry
29:19 Thumb Ring
29:03 Heavy Cavalry Archer
29:25 Heavy Rocket Cart
30:20 Bracer
31:11 Parthian Tactics
31:54 Chemistry
32:28 Leather Archer Armor
32:37 Conscription
32:47 Scale Mail Armor
33:03 Squires
33:27 Forging
34:42 Ring Archer Armor
34:39 Siege Engineers
34:13 Elite Liao Dao
35:11 Chain Mail Armor
34:35 Elite Fire Lancer
35:32 Masonry
35:16 Treadmill Crane
35:51 Ordo Cavalry
36:30 Lamellar Armor
37:51 Plate Mail Armor
Capt. Eadk'an
10:31 Feudal Age
9:27 Loom
11:06 Double-Bit Axe
12:23 Wheelbarrow
12:50 Fishing Lines
13:44 Horse Collar
20:01 Castle Age
21:02 Bow Saw
20:54 Heavy Plow
20:46 Gillnets
22:21 Town Watch
23:11 Wheelbarrow
26:25 Hand Cart
29:21 Imperial Age
27:11 Gold Mining
27:13 Stone Mining
28:30 Gold Shaft Mining
28:23 Husbandry
28:33 Bloodlines
28:31 Scale Barding Armor
29:03 Forging
29:13 Caravan
29:52 Chain Barding Armor
30:27 Conscription
30:45 Iron Casting
32:13 Chemistry
31:20 Siege Engineers
32:34 Two-Man Saw
33:03 Plate Barding Armor
33:28 Blast Furnace
32:29 Fletching
34:45 Ballistics
34:09 Treadmill Crane
34:39 Masonry
35:59 Bodkin Arrow
37:05 Murder Holes
37:30 Ballistics
36:56 Arrowslits
LowEloNobody
0:48 Loom
11:56 Feudal Age
13:08 Double-Bit Axe
15:35 Castle Age
16:50 Bow Saw
17:59 Horse Collar
18:46 Heavy Plow
19:13 Fishing Lines
20:05 Town Watch
25:07 Forging
25:31 Scale Barding Armor
25:39 Gold Mining
25:39 Stone Mining
26:46 Wheelbarrow
27:37 Gillnets
30:41 Imperial Age
28:47 Fortified Wall
29:04 Fletching
29:14 Padded Archer Armor
30:04 Chain Barding Armor
30:34 Gold Shaft Mining
30:34 Stone Shaft Mining
30:37 Iron Casting
30:33 Hand Cart
30:40 Ballistics
30:51 Bloodlines
30:42 Husbandry
31:11 Bodkin Arrow
30:55 Heavy Camel Rider
32:24 Plate Barding Armor
32:08 Grand Trunk Road
32:11 Scale Mail Armor
33:18 Chemistry
33:36 Blast Furnace
33:56 Conscription
34:03 Imperial Camel Rider
35:21 Leather Archer Armor
35:53 Thumb Ring
35:59 Shatagni
37:31 Ring Archer Armor
37:26 Siege Engineers
37:32 Masonry
37:32 Bracer
38:11 Chain Mail Armor
37:52 Murder Holes
benja23
0:36 Loom
11:47 Feudal Age
15:47 Castle Age
14:23 Double-Bit Axe
17:12 Bow Saw
22:28 Wheelbarrow
25:01 Hand Cart
24:47 Gold Mining
29:51 Imperial Age
27:55 Scale Mail Armor
27:50 Stone Mining
28:59 Gold Shaft Mining
29:16 Chain Mail Armor
29:11 Forging
30:32 Fortified Wall
31:37 Chemistry
30:03 Elite Throwing Axeman
31:05 #83
32:18 Plate Mail Armor
32:23 Iron Casting
32:31 Conscription
32:38 Town Watch
33:13 Caravan
33:22 Town Patrol
35:25 Blast Furnace
35:08 Siege Engineers
35:13 Masonry
37:20 Architecture
Connection lost

Rejoining the realm…

Still unreachable

The connection could not be restored.

Session expired

The server has moved on; the page needs a fresh start.